 Dungeon Crawl Stone Soup version 0.30-a0-748-ge6a52f7cba (webtiles) character file.

Game seed: 8726719280111157899

66 Dittersdorf the Covered (level 4, 0/29 HPs)
             Began as a Gargoyle Fighter on Feb 8, 2023.
             Slain by a goblin
             ... wielding a +0 club
             ... led by Robin
              (3 damage)
             ... on level 2 of the Dungeon.
             The game lasted 00:01:00 (692 turns).

Dittersdorf the Covered (Gargoyle Fighter)           Turns: 692, Time: 00:01:00

Health: 0/29       AC: 10    Str: 22    XL:     4   Next: 15%
Magic:  4/4        EV:  9    Int:  8    God:
Gold:   77         SH:  4    Dex:  9    Spells: 3/3 levels left

rFire   . . .      SeeInvis .    a - +0 flail
rCold   . . .      Faith    .    c - +0 buckler
rNeg    + . .      Spirit   .    b - +0 scale mail
rPois   ∞          Reflect  .    (no helmet)
rElec   +          Harm     .    (no cloak)
rCorr   .          Rampage  .    (no gloves)
Will    .....                    (no boots) Stlth
                                 (no amulet)
HPRegen 0.24/turn                (no ring)
MPRegen 0.09/turn                (no ring)

@: no status effects
A: sickness immunity, AC +3, negative energy resistance 1, electricity
resistance, torment resistance 1, petrification resistance
a: no special abilities


You were on level 2 of the Dungeon.
You visited 1 branch of the dungeon, and saw 2 of its levels.

You collected 77 gold pieces.

Inventory:

Hand Weapons
 a - a +0 flail (weapon)
Armour
 b - a +0 scale mail (worn)
 c - a +0 buckler (worn)
Scrolls
 e - 2 scrolls of immolation {unknown}
 f - a scroll of enchant armour {unknown}
 g - a scroll of identify {unknown}
Potions
 d - a potion of might


   Skills:
 + Level 3.9 Fighting
 + Level 2.7 Maces & Flails
 + Level 3.9 Armour
 + Level 3.9 Shields


You had 3 spell levels left.
You didn't know any spells.
Your spell library was empty.

Dungeon Overview and Level Annotations

Branches:
Dungeon (2/15)

Altars:
Zin

Annotations:
D:2 Robin


Innate Abilities, Weirdness & Mutations

You are immune to sickness and miasma.
Your stone body is resilient. (AC +3)
You are immune to poison.
You resist negative energy. (rN+)
You are resistant to electric shocks. (rElec)
You are resistant to unholy torment.
You are immune to petrification.


Message History

The goblins go into a battle-frenzy!
The goblin hits you with a +0 club. The goblin barely misses you.
The goblin hits you but does no damage. x2; The goblin barely misses you.
You are too injured to fight recklessly!
You are too injured to fight recklessly!
You are too injured to fight recklessly!
You are too injured to fight recklessly!
You are too injured to fight recklessly!
You are too injured to fight recklessly!
You are too injured to fight recklessly!
You are too injured to fight recklessly!
You are too injured to fight recklessly!
You are too injured to fight recklessly!
The goblin unwields a +0 dagger.
The goblin wields a +0 sling.
The goblin shoots a sling bullet.
The sling bullet hits you but does no damage.
The goblin hits you with a +0 dagger.
* * * LOW HITPOINT WARNING * * *
The goblin barely misses you. Robin hits you but does no damage.
The goblin barely misses you. The goblin attacks as you move away!
The goblin hits you but does no damage. The goblin attacks as you move away!
The goblin hits you but does no damage. Robin attacks as you move away!
Robin hits you but does no damage.
The goblin no longer looks unusually strong.
The goblin barely misses you. Robin throws the goblin at you!
The goblin unwields a +0 sling.
The goblin wields a +0 dagger.
The goblin hits you but does no damage.
Robin says, "Bow before me, strongest of all the hobgoblins!"
The goblin attacks as you move away! The goblin hits you with a +0 dagger.
* * * LOW HITPOINT WARNING * * *
The goblin attacks as you move away! The goblin hits you but does no damage.
The goblin no longer looks unusually strong.
The hobgoblin no longer looks unusually strong.
The goblin unwields a +0 dagger.
The goblin wields a +0 sling.
The goblin shoots a sling bullet.
The sling bullet hits you but does no damage.
Robin roars a battlecry!
The goblins go into a battle-frenzy!
The goblin attacks as you move away! The goblin hits you with a +0 club.
You die...

#.##'### ..##...#
)#####.# †# #.# #########
)# #.# #.......#
'#####.#######.......#
...[.....##..........#
......##..........####
......####......@.#######
......# #......gg##....#
......# ##......gg#....#
......# #......gggg...#
+######
#....._...g...#####
#..........†.......
###.......)...####.
####..........". .
#.............


You could see Robin, a hobgoblin (strong) and 7 goblins.

Vanquished Creatures
  3 adders (D:2)
  2 dart slugs (D:1)
  3 ball pythons
  5 endoplasms
  3 giant cockroaches (D:2)
  4 goblins
  3 hobgoblins
  2 quokkas
  2 bats
  2 kobolds
  5 rats
34 creatures vanquished.

Notes
Turn   | Place    | Note
-------+----------+-------------------------------------------
     0 | D:1      | Dittersdorf the Gargoyle Fighter began the quest for the
                  | Orb.
     0 | D:1      | Reached XP level 1. HP: 14/14 MP: 1/1
    91 | D:1      | Reached XP level 2. HP: 15/19 MP: 2/2
   564 | D:2      | Reached XP level 3. HP: 23/23 MP: 3/3
   645 | D:2      | Found a glowing silver altar of Zin.
   673 | D:2      | Reached XP level 4. HP: 29/29 MP: 4/4
   673 | D:2      | Noticed Robin
   692 | D:2      | Slain by a goblin

Illustrated notes

Levels and vault maps discovered:
D:1:      mrwooster_arrival_statue, layout_rooms, kennysheep_another_room
D:2:      layout_basic, basic_altar, hellmonk_ecumenical_altar_inner_sanctum,
          uniq_robin, uniq_jessica

Action                     |  1- 3 |  4- 6 || total
---------------------------+-------+-------++-------
  Melee: Flail             |    95 |    14 ||   109
 Armour: Scale mail        |    61 |    28 ||    89
  Dodge: Dodged            |    46 |    19 ||    65
  Block: Buckler           |    19 |     8 ||    27

Table legend: (Time is in decaauts)
 A = Elapsed time spent in this place.
 B = Non-inter-level travel time spent in this place.
 C = Inter-level travel time spent in this place.
 D = Time resting spent in this place.
 E = Time spent auto-exploring this place.
 F = Levels seen in this place.
 G = Mean time per level.
                   A        B        C        D        E       F      G
               +--------+--------+--------+--------+--------+-----+--------+
         Total |    726 |    710 |     16 |      0 |    484 |   2 |  363.0 |
       Dungeon |    726 |    710 |     16 |      0 |    484 |   2 |  363.0 |
               +--------+--------+--------+--------+--------+-----+--------+

Top non-repeatable levels by time:
     D:1: 529 daAuts
     D:2: 196 daAuts
